Map: Kairos Junction LE

Players

HateMe

  • Race: Zerg Zerg
  • Spawn Location: 5:00

Kas - Winner!

  • Race: Terran Terran
  • Spawn Location: 11:00

Event: 2019 WCS Spring

VOD

Have the link to the VOD?

Description

Time

  • Played on: May 17, 2019, 7:49 a.m.
  • Length: 14:18

All games in this series

Show
View Real Time Build Order
Export as new Build Order

HateMe Zerg 

Build Orders: Hatch First 

Get SALT Encoding   

  12  0:00  Drone  
  13  0:12  Overlord  
  13  0:17  Drone  
  14  0:31  Drone x2  
  16  0:48  Hatchery  
  15  0:52  Drone  
  15  0:55  Drone  
  17  0:59  Drone  
  18  1:10  Extractor  
  17  1:14  Spawning Pool  
  17  1:17  Drone  
  17  1:20  Drone  
  18  1:28  Drone  
  19  1:39  Drone  
  20  1:50  Overlord  
  20  2:01  Queen x2  
  20  2:02  Zergling x4  
  26  2:12  Drone x2  
  26  2:13  Metabolic Boost  
  28  2:24  Drone x2  
  30  2:36  Overlord  
  30  2:39  Queen x2  
  34  2:49  Drone x2  
  36  3:00  Overlord  
  36  3:02  Drone x2  
  38  3:06  Drone x2  
  39  3:23  Hatchery  
  39  3:25  Queen x2  
  41  3:27  Drone x2  
  43  3:37  Drone x4  
  47  3:43  Overlord  
  47  3:45  Drone  
  48  3:53  Zergling x2  
  49  3:57  Zergling x6  
  49  4:02  Queen x2  
  52  4:07  Zergling x8  
  60  4:13  Overlord  
  60  4:20  Overlord  
  60  4:32  Overlord  
  60  4:33  Drone x5  
  60  4:34  Drone x2  
  60  4:36  Drone  
  68  4:40  Drone x2  
  68  4:44  Lair  
  70  4:47  Drone x3  
  70  4:49  Spore Crawler  
  70  4:52  Spore Crawler  
  71  4:57  Spore Crawler  
  70  5:00  Drone x3  
  70  5:05  Drone x2  
  74  5:10  Baneling Nest  
  74  5:11  Drone  
  74  5:12  Drone x6  
  80  5:19  Overlord  
  80  5:20  Drone x2  
  82  5:29  Extractor  
  82  5:30  Extractor x2  
  82  5:31  Extractor x2  
  76  5:36  Drone  
  76  5:37  Drone x5  
  76  5:40  Zergling x6  
  85  5:47  Zergling x2  
  85  5:48  Zergling x8  
  90  5:53  Centrifical Hooks  
  87  5:57  Zergling x2  
  87  5:58  Zergling x4  
  85  6:05  Zergling x2  
  85  6:06  Zergling x8  
  83  6:11  Zergling x2  
  83  6:12  Zergling x2  
  78  6:18  Zergling x12  
  78  6:19  Zergling x4  
  86  6:26  Queen  
  86  6:27  Queen  
  89  6:32  Zergling x2  
  89  6:33  Zergling x4  
  89  6:36  Zergling x2  
  79  6:40  Baneling x6  
  79  6:41  Zergling x4  
  80  6:47  Zergling x8  
  80  6:51  Baneling x6  
  80  6:52  Zergling x2  
  85  6:56  Zergling x2  
  85  6:58  Hatchery  
  85  6:59  Zergling x2  
  83  7:02  Zergling x2  
  83  7:06  Queen  
  83  7:08  Queen  
  83  7:16  Evolution Chamber x2  
  83  7:18  Zergling x4  
  83  7:25  Overlord x2  
  80  7:43  Overlord x2  
  78  7:44  Zerg Melee Weapons Level 1, Zerg Ground Armor Level 1  
  78  7:46  Zergling x12  
  75  7:51  Zergling x2  
  75  7:55  Queen x2  
  75  7:57  Zergling x2  
  78  7:58  Overseer  
  78  8:01  Zergling x2  
  79  8:09  Hatchery, Queen  
  79  8:10  Zergling x2  
  79  8:11  Zergling x4  
  83  8:16  Baneling x16  
  83  8:17  Zergling x6  
  86  8:20  Zergling x4  
  79  8:37  Zergling x14  
  85  8:43  Zergling x8  
  85  8:55  Zergling x2  
  85  8:56  Zergling x6  
  85  9:00  Spire  
  85  9:01  Zergling x2  
  89  9:05  Zergling x2  
  89  9:09  Hatchery  
  87  9:11  Zergling x8  
  87  9:13  Zergling x6  
  79  9:17  Baneling x4  
  79  9:20  Baneling x4  
  78  9:27  Zergling x14  
  75  9:33  Zergling x6  
  75  9:37  Queen x2  
  74  9:40  Baneling x6  
  74  9:41  Zergling x2  
  74  9:44  Zergling x4  
  77  9:49  Zergling x8  
  81  10:00  Zergling x16  
  89  10:09  Zergling x12  
  89  10:13  Zergling x6  
  91  10:22  Drone x7  
  91  10:26  Drone x2  
  89  10:38  Drone x5  
  72  10:53  Zergling x28  
  80  11:01  Zergling x4  
  80  11:02  Zergling x4  
  82  11:05  Zergling x2  
  82  11:07  Baneling x9  
  82  11:12  Zergling x6  
  82  11:17  Zergling x2  
  86  11:23  Zergling x6  
  86  11:32  Zergling x16  
  92  11:34  Hatchery  
  92  11:37  Baneling x6  
  92  11:39  Mutalisk  
  93  11:41  Mutalisk  
  93  11:46  Mutalisk x3  
  99  12:00  Mutalisk x4  
  104  12:09  Zergling x12  
  84  12:28  Zergling x16  
  81  12:41  Mutalisk x2  
  81  12:43  Zergling x2  
  86  12:55  Zergling x6  
  85  13:07  Hatchery  
  85  13:09  Zergling x10  
  87  13:16  Mutalisk  
  87  13:19  Zergling x2  
  83  13:23  Zergling x10  
  87  13:27  Baneling x5  
  87  13:31  Zergling x4  
  89  13:37  Baneling x2  
  89  13:39  Extractor, Zergling x6  
  91  13:43  Zergling x4  
  81  13:56  Zergling x10  
  86  14:08  Hatchery  
Show
View Real Time Build Order
Export as new Build Order

Kas Terran - Winner!

Build Orders: Gas First Reaper Expand 

Get SALT Encoding   

  12  0:00  SCV  
  13  0:12  SCV  
  14  0:17  Supply Depot  
  14  0:25  SCV  
  14  0:28  Refinery  
  15  0:39  SCV  
  16  0:46  Barracks  
  16  0:51  SCV  
  17  1:03  SCV  
  18  1:15  SCV  
  19  1:33  Reaper, Orbital Command  
  20  1:43  Command Center  
  20  1:55  Factory  
  20  2:01  SCV  
  21  2:06  Barracks Reactor  
  21  2:14  SCV  
  21  2:15  Supply Depot  
  22  2:18  Refinery  
  22  2:26  SCV  
  23  2:38  SCV  
  24  2:44  Starport  
  24  2:49  Hellion  
  24  2:50  Hellion  
  28  2:53  SCV  
  28  2:56  Orbital Command  
  29  2:58  Barracks Tech Lab  
  29  3:05  SCV  
  30  3:13  Hellion x2  
  34  3:20  SCV  
  34  3:25  SCV  
  36  3:28  Viking  
  36  3:32  SCV  
  39  3:34  Stimpack  
  39  3:37  SCV  
  40  3:41  Supply Depot  
  40  3:47  Barracks  
  40  3:49  Marine  
  40  3:50  Factory Tech Lab  
  40  3:51  SCV  
  40  3:53  SCV  
  43  4:03  SCV  
  43  4:04  Starport Reactor  
  43  4:05  Barracks  
  43  4:07  Supply Depot  
  44  4:12  SCV  
  44  4:13  Siege Tank  
  48  4:17  SCV  
  48  4:20  Marine  
  48  4:24  SCV, Engineering Bay  
  51  4:26  Refinery  
  51  4:31  SCV  
  51  4:34  Marine, Supply Depot  
  51  4:36  SCV, Marine  
  55  4:43  SCV  
  55  4:44  Marine  
  57  4:48  SCV  
  57  4:50  Starport Reactor  
  57  4:51  Siege Tank  
  61  4:55  SCV  
  61  4:56  Terran Infantry Weapons Level 1  
  61  4:58  Supply Depot  
  62  5:00  SCV  
  63  5:08  Marine x2  
  63  5:13  SCV x2  
  63  5:14  Supply Depot  
  67  5:15  Marine  
  67  5:17  Marine x2  
  70  5:25  SCV x2, Marine, Supply Depot  
  70  5:26  Siege Tank, Marine  
  77  5:33  Marine  
  78  5:39  Medivac, Marine x2  
  78  5:40  Medivac  
  84  5:43  SCV, Marine  
  84  5:46  Marine  
  84  5:48  SCV  
  88  5:51  Supply Depot  
  88  5:52  Supply Depot  
  87  5:59  Marine  
  87  6:00  Marine x2  
  87  6:01  Marine  
  85  6:09  Marine  
  85  6:10  SCV  
  83  6:16  Marine  
  81  6:18  Marine x2  
  81  6:19  Marine  
  81  6:21  Medivac x2, Siege Tank  
  91  6:26  Command Center  
  91  6:27  Marine  
  87  6:39  Marine x3  
  89  6:44  Marine  
  89  6:45  SCV, Marine  
  92  6:48  Supply Depot  
  92  6:50  Barracks  
  92  6:51  Combat Shield, Barracks  
  92  6:53  Terran Infantry Armor Level 1  
  92  7:05  SCV x2  
  92  7:06  Marine x2  
  96  7:15  Marine x2  
  98  7:18  SCV x2  
  98  7:21  Armory  
  100  7:23  Engineering Bay, Supply Depot  
  100  7:24  Refinery  
  100  7:25  Marine x3  
  103  7:33  Siege Tank, Marine x2  
  99  7:41  Orbital Command, Barracks Reactor x2  
  99  7:43  Marine x3  
  102  7:50  Marine  
  102  7:51  Marine  
  104  7:54  SCV x2  
  100  8:00  Orbital Command, Marine x2  
  100  8:01  Marine  
  103  8:08  Marine x2  
  103  8:11  SCV  
  106  8:18  Marine x2  
  106  8:19  Marine  
  109  8:20  Marine  
  109  8:21  Marine  
  109  8:22  SCV, Marine  
  109  8:23  SCV  
  109  8:26  Marine  
  115  8:32  Marine x2  
  113  8:35  Medivac, Siege Tank  
  113  8:36  Medivac, Marine x3  
  113  8:38  Marine  
  113  8:39  Marine x2  
  113  8:40  SCV x2  
  125  8:44  Marine  
  125  8:45  Supply Depot  
  122  8:50  Marine  
  122  8:51  Marine  
  122  8:54  Marine x2  
  124  8:57  Terran Infantry Weapons Level 2  
  124  8:58  Factory  
  124  9:01  Command Center  
  124  9:07  Marine  
  125  9:15  Marine x2  
  114  9:19  Medivac x2  
  114  9:20  Siege Tank  
  114  9:22  Marine  
  122  9:25  Marine  
  122  9:29  Marine  
  122  9:30  Marine x4  
  125  9:33  Marine x2  
  124  9:40  Marine  
  124  9:42  Marine  
  124  9:43  Terran Infantry Armor Level 2, Factory Reactor, Refinery  
  124  9:45  Refinery  
  126  9:47  Marine  
  126  9:48  Marine x4  
  126  9:50  Marine  
  126  9:51  Sensor Tower, Marine  
  133  9:53  Supply Depot  
  133  9:54  Drilling Claws  
  133  9:57  Marine  
  137  10:00  Siege Tank, Marine  
  137  10:01  Bunker  
  137  10:04  Marine  
  137  10:06  Marine x2  
  137  10:07  Marine x2  
  141  10:11  Marine  
  141  10:14  Marine  
  133  10:15  Marine  
  133  10:18  Marine  
  134  10:22  Marine  
  123  10:32  Marine  
  123  10:33  Planetary Fortress, Marine  
  123  10:34  SCV x2  
  125  10:39  Marine x2  
  117  10:52  Marine x2  
  117  10:54  Marine x4  
  117  10:55  Siege Tank  
  117  10:56  Widow Mine x2  
  130  10:58  SCV x2  
  130  11:04  Barracks x2  
  130  11:05  Marine x3  
  130  11:10  SCV, Marine x2  
  136  11:14  Marine  
  136  11:15  Marine x3  
  136  11:16  SCV  
  141  11:23  Marine x3  
  144  11:28  Marine x2  
  144  11:32  Marine x2, Widow Mine x2  
  150  11:33  Marine x2  
  150  11:37  Barracks  
  154  11:40  Terran Infantry Weapons Level 3  
  154  11:41  Marine x2  
  154  11:42  Marauder  
  154  11:46  SCV  
  157  11:50  Marine x2  
  159  11:56  Marine x2  
  159  11:57  Marine  
  162  12:03  Marauder  
  162  12:04  SCV x2  
  166  12:10  Supply Depot  
  166  12:11  Supply Depot  
  166  12:12  Supply Depot  
  165  12:17  Marine x2  
  165  12:18  Marine  
  165  12:20  Marine  
  161  12:28  Marine  
  156  12:30  Missile Turret  
  156  12:37  Marine x5  
  156  12:38  Thor  
  156  12:39  Widow Mine x2  
  156  12:41  Missile Turret  
  168  12:50  Marine x2  
  168  12:51  Marine x5  
  169  12:52  Medivac x2  
  169  12:53  Missile Turret  
  169  12:55  Marine x2  
  177  13:01  Marine x2  
  174  13:05  Marine  
  174  13:08  Marine x2  
  174  13:09  Marine x2  
  166  13:22  Medivac x2  
  166  13:36  Marauder  
  166  13:37  Marine x9, Barracks Tech Lab x2  
  177  13:55  Marine x4  
  175  13:57  Marauder  
  175  13:59  Barracks Tech Lab  
  175  14:00  Marine  
Tags
 
Add a new tag
Caveats
  • Supply blocks, unpowered buildings, or Contaminate may cause inaccurate times.
  • Supply counts are checked every 10 seconds.